 Dungeon Crawl Stone Soup version 0.31-a0-152-g6aa68a64a1 (webtiles) character file.

Game seed: 8448791592576967841

273 qw the Shooter (level 6, -6/57 HPs)
             Began as a Naga Hunter on June 10, 2023.
             Killed by divine providence
             ... invoked by an orc priest
              (12 damage)
             ... on level 4 of the Dungeon.
             The game lasted 00:00:50 (2802 turns).

qw the Shooter (Naga Hunter)                        Turns: 2802, Time: 00:00:51

Health: -6/57      AC:  7    Str: 13    XL:     6   Next: 23%
Magic:  6/6        EV:  9    Int: 10    God:
Gold:   191        SH:  0    Dex: 16    Spells: 5/5 levels left

rFire   . . .        Y - +0 shortbow
rCold   . . .        (shield currently unavailable)
rNeg    . . .        c - +0 leather armour
rPois   +            g - +2 helmet
rElec   .            d - +0 cloak
rCorr   .            (no gloves)
SInv    +            (no barding)
Will    .....        (no amulet)
Stlth   ++           (no ring)
HPRegen 0.29/turn    (no ring)
MPRegen 0.10/turn

%: no passive effects
@: short of breath, very slow
A: AC +2, large, see invisible, deformed body, poison resistance, slowness 2,
spit poison 1, naga tail 1
a: Spit Poison


You were on level 4 of the Dungeon.
You visited 1 branch of the dungeon, and saw 4 of its levels.

You collected 191 gold pieces.


Innate Abilities, Weirdness & Mutations

Your serpentine skin is tough. (AC +2)
You have supernaturally acute eyesight. (SInv)
Armour fits poorly on your strangely shaped body.
Your system is resistant to poisons. (rPois)
You cover ground very slowly.
You can spit poison.
You have a snake-like lower body.


   Skills:
 + Level 3.7 Fighting
 - Level 6.0 Ranged Weapons
 - Level 1.5 Dodging
 - Level 1.5 Stealth


You had 5 spell levels left.
You didn't know any spells.
Your spell library was empty.

Inventory:

Hand Weapons
 Y - a +0 shortbow (weapon)
Armour
 a - a +0 pair of gloves
 c - a +0 leather armour (worn)
 d - a +0 cloak (worn)
 g - a +2 helmet (worn)
Jewellery
 i - an amulet of the acrobat
Scrolls
 b - a scroll of identify
Potions
 e - a potion of haste
 f - a potion of enlightenment {unknown}
 h - a potion of magic {unknown}
 j - a potion of cancellation {unknown}
 k - a potion of resistance {unknown}

Dungeon Overview and Level Annotations

Branches:
Dungeon (4/15)
 Temple: D:4-7

Altars:
Nemelex Xobeh

Shops:
D:4 *


Message History

The arrow hits the orc priest.
The orc priest is heavily wounded.
You shoot an arrow. The arrow hits the orc wizard.
The orc wizard is lightly wounded.
You shoot an arrow.
The arrow hits the orc wizard but does no damage.
The orc wizard is lightly wounded.
The orc hits you with a +0 mace. The orc wizard misses you.
You shoot an arrow. The arrow hits the orc wizard.
The orc wizard is heavily wounded.
The orc hits you with a +0 mace.
The orc wizard hits you but does no damage.
The orc priest mumbles some strange prayers to Beogh against you.
Beogh smites you!
The orc wizard hits you but does no damage.
The orc hits you with a +0 mace.
You shoot an arrow. The arrow hits the orc wizard.
The orc wizard is almost dead.
The orc hits you but does no damage. The orc wizard casts a spell at you.
The puff of flame hits you.
You shoot an arrow. The arrow hits the orc wizard.
You kill the orc wizard!
You have got your breath back.
The orc misses you.
2800 ||| INVOKING Spit Poison.
Aiming: Spit Poison (1% risk of failure)
Press: ? - help, Shift-Dir - straight line, f - orc priest The splash of poison misses the orc priest.
The orc hits you but does no damage. The orc priest closely misses you.
You shoot an arrow.
The arrow hits the orc priest but does no damage.
The orc priest is moderately wounded.
The orc hits you with a +0 mace.
The orc priest looks encouraged for a moment.
You shoot an arrow. The arrow barely misses the orc priest.
The orc hits you with a +0 mace.
The orc priest calls down the wrath of Beogh upon you.
Beogh smites you!
You die...

... #...# #)#.#
##...# #.#...##.....
#.##...#....######
#.##...#....##....
#)##........##.###
##o##........##.# #
#.@o.##......##.###
#....###...........
#....# ##.....#....
#....# #...##.#..##
#....###...##.#..##
#......#...##.#...#
#....#.....##.#####
##....###....#......
#......##.......###.


You could see an orc priest and an orc.

Vanquished Creatures
  An ice beast (D:4)
  An orc priest (D:4)
  An orc wizard (D:4)
  6 adders
  2 worms
  4 dart slugs
  3 orcs
  8 ball pythons
  4 bats
  4 endoplasms
  7 goblins
  6 hobgoblins
  7 kobolds
  A frilled lizard (D:3)
  8 rats
63 creatures vanquished.

Notes
Turn   | Place    | Note
-------+----------+-------------------------------------------
     0 | D:1      | qw the Naga Hunter began the quest for the Orb.
     0 | D:1      | Reached XP level 1. HP: 19/19 MP: 1/1
     0 | D:1      | 0 ||| qw: Version: 0.2-a-122-gbc61b45
     0 | D:1      | 0 ||| qw: Game counter: 3546
     0 | D:1      | 0 ||| qw: Always use a shield: true
     0 | D:1      | 0 ||| qw: God list: Okawaru
     0 | D:1      | 0 ||| qw: Allow faded altars: false
     0 | D:1      | 0 ||| qw: Do Orc after D:15 true
     0 | D:1      | 0 ||| qw: Do second Lair branch before Depths: true
     0 | D:1      | 0 ||| qw: Lair rune preference: random
     0 | D:1      | 0 ||| qw: Plans: Normal
     0 | D:1      | 0 ||| PLANNING D:1-11
    23 | D:1      | 23 ||| INVOKING Spit Poison.
    29 | D:1      | 29 ||| INVOKING Spit Poison.
   167 | D:1      | 167 ||| INVOKING Spit Poison.
   248 | D:1      | 248 ||| INVOKING Spit Poison.
   249 | D:1      | 249 ||| INVOKING Spit Poison.
   252 | D:1      | Reached skill level 4 in Ranged Weapons
   252 | D:1      | Reached XP level 2. HP: 26/26 MP: 2/2
   255 | D:1      | 255 ||| INVOKING Spit Poison.
   322 | D:1      | Found a faded altar of an unknown god.
   343 | D:1      | 343 ||| INVOKING Spit Poison.
   353 | D:1      | 353 ||| INVOKING Spit Poison.
   358 | D:1      | 358 ||| INVOKING Spit Poison.
   414 | D:1      | 414 ||| INVOKING Spit Poison.
   467 | D:1      | 467 ||| INVOKING Spit Poison.
   546 | D:1      | 546 ||| INVOKING Spit Poison.
   857 | D:1      | 857 ||| UPGRADING to +0 cloak.
   862 | D:1      | 862 ||| UPGRADING to +2 helmet.
   867 | D:1      | 867 ||| DROPPING amulet of magic regeneration.
   868 | D:1      | 868 ||| READING scroll labelled EPTUFI ZOOTUPIZ.
   869 | D:1      | 869 ||| READING scroll labelled CICLAICSUTUG.
   873 | D:1      | 873 ||| READING scroll labelled LAMURAG SIAPN.
   874 | D:1      | 874 ||| DROPPING scroll of butterflies.
   974 | D:2      | 974 ||| INVOKING Spit Poison.
  1042 | D:2      | 1042 ||| INVOKING Spit Poison.
  1043 | D:2      | Reached XP level 3. HP: 32/32 MP: 3/3
  1057 | D:2      | 1057 ||| INVOKING Spit Poison.
  1086 | D:2      | 1086 ||| INVOKING Spit Poison.
  1103 | D:2      | 1103 ||| INVOKING Spit Poison.
  1121 | D:2      | 1121 ||| INVOKING Spit Poison.
  1246 | D:2      | 1246 ||| INVOKING Spit Poison.
  1270 | D:2      | 1270 ||| INVOKING Spit Poison.
  1281 | D:2      | 1281 ||| INVOKING Spit Poison.
  1283 | D:2      | Reached skill level 5 in Ranged Weapons
  1347 | D:2      | Reached XP level 4. HP: 39/39 MP: 4/4
  1352 | D:2      | 1352 ||| INVOKING Spit Poison.
  1355 | D:2      | 1355 ||| INVOKING Spit Poison.
  1400 | D:2      | 1400 ||| INVOKING Spit Poison.
  1782 | D:2      | 1782 ||| READING 2 scrolls labelled VYGONUYXZ ARUERE.
  1869 | D:3      | 1869 ||| INVOKING Spit Poison.
  1874 | D:3      | 1874 ||| INVOKING Spit Poison.
  1877 | D:3      | 1877 ||| INVOKING Spit Poison.
  1912 | D:3      | 1912 ||| INVOKING Spit Poison.
  1953 | D:3      | 1953 ||| INVOKING Spit Poison.
  2005 | D:3      | 2005 ||| INVOKING Spit Poison.
  2062 | D:3      | 2062 ||| INVOKING Spit Poison.
  2136 | D:3      | 2136 ||| INVOKING Spit Poison.
  2146 | D:3      | 2146 ||| INVOKING Spit Poison.
  2165 | D:3      | 2165 ||| INVOKING Spit Poison.
  2169 | D:3      | 2169 ||| INVOKING Spit Poison.
  2180 | D:3      | 2180 ||| INVOKING Spit Poison.
  2196 | D:3      | Reached skill level 3 in Fighting
  2365 | D:3      | 2365 ||| INVOKING Spit Poison.
  2380 | D:3      | 2380 ||| INVOKING Spit Poison.
  2385 | D:3      | 2385 ||| INVOKING Spit Poison.
  2405 | D:3      | 2405 ||| INVOKING Spit Poison.
  2406 | D:3      | Reached XP level 5. HP: 49/49 MP: 5/5
  2456 | D:3      | 2456 ||| READING scroll labelled XIRUET FASERIJ.
  2457 | D:3      | 2457 ||| READING 3 scrolls of identify.
  2457 | D:3      | 2457 ||| IDENTIFYING fuming dark potion
  2458 | D:3      | 2458 ||| READING 2 scrolls of identify.
  2458 | D:3      | 2458 ||| IDENTIFYING glowing silvery potion
  2459 | D:3      | 2459 ||| DROPPING potion of invisibility.
  2526 | D:4      | Noticed an ice beast
  2536 | D:4      | Killed an ice beast
  2575 | D:4      | Found a sparkling altar of Nemelex Xobeh.
  2611 | D:4      | 2611 ||| INVOKING Spit Poison.
  2614 | D:4      | 2614 ||| INVOKING Spit Poison.
  2618 | D:4      | 2618 ||| INVOKING Spit Poison.
  2670 | D:4      | Found Xiofud's General Store.
  2691 | D:4      | 2691 ||| SHOPLISTING 2 scrolls of enchant weapon (210 gold,
                  | have 167).
  2700 | D:4      | Reached skill level 6 in Ranged Weapons
  2720 | D:4      | 2720 ||| INVOKING Spit Poison.
  2790 | D:4      | 2790 ||| INVOKING Spit Poison.
  2793 | D:4      | 2793 ||| INVOKING Spit Poison.
  2794 | D:4      | Reached XP level 6. HP: 42/56 MP: 6/6
  2798 | D:4      | HP: 14/56 [orc wizard/puff of flame (5)]
  2800 | D:4      | 2800 ||| INVOKING Spit Poison.
  2802 | D:4      | HP: 6/57 [orc/+0 mace (6)]
  2802 | D:4      | Killed from afar by an orc priest

Levels and vault maps discovered:
D:1:      dpeg_arrival_rooms_c, layout_basic,
          shapermc_ecumenical_altar_rom_forum
D:2:      layout_basic, amethyst_killhole, minmay_tetromino_i4
D:3:      layout_basic, kennysheep_path_1
D:4:      layout_basic, marbit_many_paths, serial_shops,
          nicolae_shop_gibbet_a_chance, kennysheep_generic_room_2

Skill      XL: |  1  2  3  4  5 |
---------------+----------------+-----
Ranged Weapons | 4 5 6 |  6.0
Fighting       | 3 |  3.7
Dodging        | |  1.5
Stealth        | |  1.5

Action                     |  1- 3 |  4- 6 || total
---------------------------+-------+-------++-------
   Fire: Shortbow          |    43 |    75 ||   118
Ability: Spit Poison       |    20 |    26 ||    46
    Use: Scroll            |     3 |     4 ||     7
 Armour: Leather armour    |       |    16 ||    16
  Dodge: Dodged            |     4 |    19 ||    23

Table legend:
 A = Non-vault XP
 B = Vault XP
 C = Vault XP percentage of total XP
 D = Non-vault monster count
 E = Vault monster count
 F = Vault count percentage of total count
                 A         B        C        D         E       F
            +---------+---------+-------+---------+---------+-------
      Total |     250 |     140 |  35.9 |      61 |       2 |   3.2
            +---------+---------+-------+---------+---------+-------
        D:1 |      30 |       0 |   0.0 |      17 |       0 |   0.0
        D:2 |      47 |      13 |  21.7 |      13 |       1 |   7.1
        D:3 |      75 |       0 |   0.0 |      25 |       0 |   0.0
        D:4 |      98 |     127 |  56.4 |       6 |       1 |  14.3
            +---------+---------+-------+---------+---------+-------
